 Dungeon Crawl Stone Soup version 0.17.0-26-gececa24 (console) character file.

46 gw the Digger (level 3, -2/27 HPs)
             Began as a Demigod Earth Elementalist on Nov 20, 2015.
             Slain by a hobgoblin (5 damage)
             ... on level 2 of the Dungeon.
             The game lasted 00:00:57 (1366 turns).

gw the Digger (Demigod Earth Elementalist)          Turns: 1366, Time: 00:00:57

Health: -2/27      AC:  4    Str: 11    XL:     3   Next: 27%
Magic:  0/9        EV: 12    Int: 21    God:
Gold:   43         SH:  0    Dex: 16    Spells: 3 memorised, 1 level left

rFire  . . .     SeeInvis .     b - +2 mace
rCold  . . .     Clarity  .     a - +0 robe
rNeg   . . .     SustAt   +     (no shield)
rPois  .         Gourm    .     (no helmet)
rElec  .         Spirit   .     (no cloak)
rCorr  .         Warding  .     (no gloves)
rMut   .         Stasis   .     (no boots)
MR     .....                    (no amulet)
Stlth  ++........               (no ring)
                                (no ring)

@: lethally poisoned (-2 -> -5), stone skin, very slightly contaminated, not
resistant to hostile enchantments, unstealthy
A: high mp 1, sustain attributes
a: no special abilities


You were on level 2 of the Dungeon.
You were not hungry.

You visited 1 branch of the dungeon, and saw 2 of its levels.

You collected 43 gold pieces.

Inventory:

Hand Weapons
 b - a +2 mace (weapon)
Missiles
 e - 20 stones
 f - 16 poisoned needles
 l - 7 tomahawks (quivered)
Armour
 a - a +0 robe (worn)
Potions
 g - 2 potions of mutation {unknown}
Books
 c - a book of Geomancy

   Spells                             Type                      Level
   a - Sandblast                      Earth                        1
   b - Stoneskin                      Transmutation/Earth          2
   c - Passwall                       Transmutation/Earth          3
   d - Stone Arrow                    Conjuration/Earth            3
   e - Petrify                        Transmutation/Earth          4
   f - Lee's Rapid Deconstruction     Earth                        5
Comestibles
 d - a bread ration
 i - 2 meat rations


   Skills:
 + Level 0.5 Fighting
 + Level 1.3 Maces & Flails
 + Level 0.5 Armour
 - Level 1.7 Dodging
 - Level 1.7 Stealth
 * Level 2.5 Spellcasting
 - Level 0.8 Transmutations
 + Level 2.9 Earth Magic


You had one spell level left.
You knew the following spells:

 Your Spells              Type           Power        Failure   Level  Hunger
a - Sandblast             Erth           ##....       4%          1    None
b - Stoneskin             Trmt/Erth      ##......     12%         2    ##.....
c - Stone Arrow           Conj/Erth      #.....       24%         3    ###....


Dungeon Overview and Level Annotations

Branches:
Dungeon (2/15)


Innate Abilities, Weirdness & Mutations

You have an increased reservoir of magic (+10% MP).
Your attributes are resistant to harm.


Message History

You kill the adder!
You feel sick.
ATTACK MOVE TO (0,-1)
You hit the goblin.
The goblin is heavily wounded.
You feel sick. The goblin hits you but does no damage.
ATTACK MOVE TO (0,-1)
You closely miss the goblin.
The goblin is heavily wounded.
The goblin hits you with a club.
ATTACK MOVE TO (0,-1)
You miss the goblin.
The goblin is heavily wounded.
You feel sick.
The kobold throws a stone.
The stone hits you but does no damage. The goblin closely misses you.
ATTACK MOVE TO (-1,0)
You barely miss the goblin.
The goblin is heavily wounded.
You feel sick. The hobgoblin hits you.
You die...

#.#....#
#.#....###..
.#
#......).#....
#
#.<......#.#.
.#
#........#..
...
#...)....#.#.S
###....##Kr.
#....##g#
###.##gp#
#..(.#.#..
##..........
#)....#.#.#
#.#.#..##
#.#.##<..
#(#.# ####
#...# #.###


You could see a quokka, a hobgoblin, a goblin and a kobold.

Table legend:
 A = Turns spent in this place as a percentage of turns spent in the entire game.
 B = Non-inter-level travel turns spent in this place as a percentage of non-inter-level travel turns spent in the entire game.
 C = Inter-level travel turns spent in this place as a percentage of turns spent in this place.
 D = Turns resting spent in this place as a percentage of non-inter-level travel turns spent in this place.
 E = Turns spent auto-exploring this place as a percentage of non-inter-level travel turns spent in this place.
 F = Non-inter-level travel turns spent in this place divided by the number of levels of this place that you've seen.
                   A       B       C       D       E      F
               +-------+-------+-------+-------+-------+----------------------
         Total | 100.0 | 100.0 |   0.3 |   3.1 |   2.3 | 938.0
       Dungeon | 100.0 | 100.0 |   0.3 |   3.1 |   2.3 | 938.0
               +-------+-------+-------+-------+-------+----------------------

Table legend:
 A = Kills in this place as a percentage of kills in entire the game.
 B = Kills by you in this place as a percentage of kills by you in the entire game.
 C = Kills by friends in this place as a percentage of kills by friends in the entire game.
 D = Other kills in this place as a percentage of other kills in the entire game.
 E = Experience gained in this place as a percentage of experience gained in the entire game.
 F = Experience gained in this place divided by the number of levels of this place that you have seen.
                   A       B       C       D       E      F
               +-------+-------+-------+-------+-------+----------------------
         Total | 100.0 | 100.0 |  -nan |  -nan | 100.0 |  33.5
       Dungeon | 100.0 | 100.0 |  -nan |  -nan | 100.0 |  33.5
               +-------+-------+-------+-------+-------+----------------------

Vanquished Creatures
  An adder (D:2)
  3 giant geckos (D:1)
  2 ball pythons (D:1)
  8 bats
  2 giant cockroaches (D:1)
  3 goblins
  4 hobgoblins (D:1)
  2 jackals (D:1)
  2 giant newts (D:1)
  3 kobolds (D:1)
  A rat (D:1)
31 creatures vanquished.

Notes
Turn   | Place    | Note
--------------------------------------------------------------
     0 | D:1      | gw the Demigod Earth Elementalist began the quest for the Orb.
     0 | D:1      | Reached XP level 1. HP: 14/14 MP: 5/5
   268 | D:1      | Reached XP level 2. HP: 17/20 MP: 0/7
   337 | D:1      | Learned a level 2 spell: Stoneskin
   672 | D:1      | Reached skill level 1 in Maces & Flails
  1197 | D:1      | Reached XP level 3. HP: 27/27 MP: 9/9
  1202 | D:1      | Learned a level 3 spell: Stone Arrow
  1366 | D:2      | Slain by a hobgoblin

Action                   || total
-------------------------++-------
Melee: Mace              ||    21
Throw: Stone             ||     4
       Tomahawk          ||    23
 Cast: Sandblast         ||    51
       Stoneskin         ||     7
  Use: Scroll            ||     4
       Potion            ||     1
  Eat: Chunk             ||     2

Vault maps used:
D:1:      minmay_arrival_stair_chambers, grunt_decor_one_mirror,
          hangedman_decor_riveting
D:2:      nicolae_ashenzari_panopticon, st_stairs_4,
          nemelex_xobeh_ov_fountains_minmay
